Monarchs vs Diables
Created - December 1, 2017 at 19:04
Goals
|
Monarchs |
3 |
2 |
0 |
0 |
5 |
Diables |
3 |
1 |
1 |
1 |
6 |
|
Shots
|
Monarchs |
18 |
12 |
5 |
1 |
36 |
Diables |
14 |
11 |
4 |
1 |
30 |
|
1st period
1. Diables , Ryan Nugent-Hopkins 2 (Alexandre Burrows 11, Craig Smith 20) at 5:58
2. Monarchs , Nikita Kucherov 11 (Joe Morrow 3, Kyle Clifford 11) at 9:00
3. Diables , Jordan Szwarz 9 (Tyler Bozak 22) at 10:19
4. Diables , Pierre-Cédric Labrie 3 (Jon Merrill 9, Hampus Lindholm 23) at 14:04
5. Monarchs , Bryan Rust 3 (Chris Tierney 9) at 16:50
6. Monarchs , Patrick Maroon 2 (Riley Cote 8, Alec Martinez 4) at 18:36
Penalties :
Colton Sissons (MAN) for Tripping (Minor) at 14:46
2nd period
7. Monarchs , Connor Brown 9 (Kyle Clifford 12, Tyler Toffoli 13) at 11:15
8. Diables , Craig Smith 6 (Alexandre Burrows 12, Ryan Nugent-Hopkins 11) at 11:32
9. Monarchs , Nikita Kucherov 12 (Tom Pyatt 13, Brandon Gormley 18) at 11:46
Penalties :
Mark Fraser (Alm) for Holding (Minor) at 0:22, Ryan Nugent-Hopkins (Alm) for Hooking (Minor) at 6:52, Brandon Prust (Alm) for High sticking (Minor) at 16:45
3rd period
10. Diables , Tim Schaller 8 (Jordan Szwarz 7) at 1:11
Penalties :
Patrick Maroon (MAN) for Interference (Minor) at 6:47, Colton Sissons (MAN) for Slashing (Minor) at 14:02
Overtime #1
11. Diables , Hampus Lindholm 6 (Brandon Prust 22, Ryan Nugent-Hopkins 12) at 1:14
Penalties :
No Penalty
Goalie Stats
Niklas Backstrom (MAN), 24 saves from 30 shots - (0.800), OTL, 8-1-4, 61:14 minutes
Jean-Francois Berube (Alm), 31 saves from 36 shots - (0.861), W, 7-6-1, 61:14 minutes
Players Stats for Monarchs
Player Name G A P +/- PIM S H SB GA TA FO MP PP MP PK MP
------------------------------------------------------------------------------------
Alec Martinez 0 1 1 -2 0 1 0 2 1 2 0/0 23:51 3:30 2:15
Brandon Gormley 0 1 1 2 0 0 1 1 1 1 0/0 24:20 3:30 2:15
Bryan Rust 1 0 1 1 0 5 0 0 0 0 0/0 12:38 0:00 3:35
Chris Tierney 0 1 1 0 0 0 0 0 0 1 2/6 15:22 2:50 1:29
Colton Sissons 0 0 0 1 4 0 2 1 0 1 1/5 8:38 0:00 0:00
Connor Brown 1 0 1 -2 0 3 2 0 0 0 2/3 18:02 3:07 0:00
Igor Makarov 0 0 0 0 0 0 0 0 0 0 0/0 0:00 0:00 0:00
Jeff Skinner 0 0 0 1 0 1 0 0 0 0 0/0 17:38 2:50 0:00
Joe Morrow 0 1 1 -2 0 0 0 1 0 1 0/0 13:10 0:00 0:00
Jordie Benn 0 0 0 -1 0 1 0 4 1 1 0/0 16:07 0:00 3:42
Kyle Clifford 0 2 2 -1 0 5 9 1 0 1 1/2 18:26 2:50 0:49
Matt Tennyson 0 0 0 0 0 0 0 4 1 2 0/0 24:50 2:27 3:42
Nikita Kucherov 2 0 2 0 0 7 1 0 4 0 0/2 18:25 3:00 0:00
Patrick Maroon 1 0 1 0 2 2 0 0 0 0 0/0 9:06 0:00 1:07
Riley Cote 0 1 1 -1 0 3 0 0 0 1 2/4 14:25 0:07 3:25
Roman Josi 0 0 0 1 0 1 1 0 0 0 0/0 20:10 2:27 0:00
Tom Pyatt 0 1 1 1 0 2 0 0 0 0 6/10 16:03 0:00 1:29
Tomas Kubalik 0 0 0 -1 0 3 1 0 1 0 0/0 9:47 0:00 0:00
Tyler Toffoli 0 1 1 -1 0 2 1 0 1 0 5/22 17:58 3:07 0:00
Players Stats for Diables
Player Name G A P +/- PIM S H SB GA TA FO MP PP MP PK MP
------------------------------------------------------------------------------------
Alexandre Burrows 0 2 2 2 0 2 1 0 3 1 0/0 18:58 2:30 0:25
Ben Hanowski 0 0 0 0 0 0 2 0 1 0 0/0 4:06 3:16 0:00
Brandon Prust 0 1 1 1 2 1 4 1 0 0 2/2 18:40 3:16 0:00
Brian Dumoulin 0 0 0 0 0 1 0 0 0 1 0/0 15:52 2:52 0:31
Craig Smith 1 1 2 1 0 4 1 2 0 0 0/0 18:47 0:12 3:04
Daniel Zaar 0 0 0 1 0 1 0 0 1 0 0/0 10:38 0:00 0:00
Hampus Lindholm 1 1 2 1 0 3 2 2 2 1 0/0 26:40 3:05 2:36
Jamie Oleksiak 0 0 0 1 0 0 0 1 0 0 0/0 13:48 0:00 2:28
Jon Merrill 0 1 1 0 0 2 1 2 0 2 0/0 25:12 2:52 3:52
Jordan Szwarz 1 1 2 -2 0 5 3 0 1 0 0/1 22:24 2:29 0:00
Keith Seabrook 0 0 0 0 0 0 0 0 0 0 0/0 0:59 0:00 0:09
Mark Fraser 0 0 0 0 2 2 0 0 0 4 0/0 24:54 3:05 2:18
Pavel Valentenko 0 0 0 0 0 1 2 3 0 0 0/0 15:47 0:00 0:00
Pierre-Cédric Labrie 1 0 1 1 0 1 0 0 1 0 0/0 12:41 0:00 2:00
Ryan Nugent-Hopkins 1 2 3 3 2 2 1 1 0 0 9/15 18:35 3:16 0:00
Stefan Matteau 0 0 0 0 0 0 0 0 0 0 4/6 12:58 0:11 0:19
Taylor Beck 0 0 0 -3 0 0 0 1 0 0 1/1 9:05 0:11 1:10
Tim Schaller 1 0 1 -2 0 2 1 0 0 0 2/5 8:59 0:00 2:56
Tyler Bozak 0 1 1 0 0 3 2 0 2 1 17/24 19:53 2:30 2:00
3 Stars
1 - Ryan Nugent-Hopkins (Alm)
2 - Nikita Kucherov (MAN)
3 - Hampus Lindholm (Alm)
Power Play
Monarchs - 0 on 3 Attempt(s) - 0.00%
Diables - 0 on 3 Attempt(s) - 0.00%
Penalty Kill
Monarchs - 3 on 3 Attempt(s) - 100.00%
- Score 0 goal in Penalty Kill
Diables - 3 on 3 Attempt(s) - 100.00%
- Score 0 goal in Penalty Kill
Team Stat
Monarchs - Hits : 18 - Faceoff Wins : 19 - Blocked Shots : 14 - Penalty Minutes : 6
Diables - Hits : 20 - Faceoff Wins : 35 - Blocked Shots : 13 - Penalty Minutes : 6
Official
Referees : McCauley Wes and Hebert Ghislain
Linesman : Jonny Murray and Thor Nelson
Game Notes
No Game Note
Finance
Level 1 -- Attendance: 1358 (67.90%) -- Ticket Income $54,320
Level 2 -- Attendance: 751 (75.10%) -- Ticket Income $15,020
Total Attendance: 2109 (70.30%)
Total Ticket Income: $69,340
Other Income: $3,467
Total Income: $72,807
Monarchs
5 vs 5 Forward
Center Left Wing Right Wing Time % Phy DF OF
1 Tyler Toffoli Kyle Clifford Connor Brown 35 1 1 3
2 Tom Pyatt Jeff Skinner Nikita Kucherov 35 1 1 3
3 Chris Tierney Riley Cote Tomas Kubalik 25 1 1 3
4 Colton Sissons Patrick Maroon Bryan Rust 5 1 2 2
5 vs 5 Defense
Defense Defense Time % Phy DF OF
1 Alec Martinez Matt Tennyson 40 0 3 2
2 Roman Josi Brandon Gormley 40 1 3 1
3 Jordie Benn Joe Morrow 20 1 3 1
4 Brandon Gormley Joe Morrow 0 1 2 2
PowerPlay Forward
Center Left Wing Right Wing Time % Phy DF OF
1 Tyler Toffoli Nikita Kucherov Connor Brown 60 0 1 4
2 Chris Tierney Jeff Skinner Kyle Clifford 40 0 1 4
PowerPlay Defense
Defense Defense Time % Phy DF OF
1 Alec Martinez Brandon Gormley 60 0 2 3
2 Roman Josi Matt Tennyson 40 0 2 3
Penalty Kill 4 Players Forward
Center Wing Time % Phy DF OF
1 Riley Cote Bryan Rust 60 0 4 1
2 Tom Pyatt Patrick Maroon 40 0 4 1
Penalty Kill 4 Players Defense
Defense Defense Time % Phy DF OF
1 Jordie Benn Matt Tennyson 60 1 4 0
2 Alec Martinez Brandon Gormley 40 1 4 0
Penalty Kill - 3 Players Forward
Forward Time % Phy DF OF
1 Riley Cote 60 1 2 2
2 Bryan Rust 40 1 2 2
Penalty Kill - 3 Players Defense
Defense Defense Time % Phy DF OF
1 Matt Tennyson Jordie Benn 60 1 2 2
2 Alec Martinez Brandon Gormley 40 1 2 2
4 vs 4 Forward
Center Wing Time % Phy DF OF
1 Tyler Toffoli Kyle Clifford 60 1 2 2
2 Connor Brown Nikita Kucherov 40 1 2 2
4 vs 4 Defense
Defense Defense Time % Phy DF OF
1 Brandon Gormley Matt Tennyson 60 1 2 2
2 Alec Martinez Roman Josi 40 1 2 2
Last Minutes Offensive
Center Left Wing Right Wing Defense Defense
Tyler Toffoli Kyle Clifford Nikita Kucherov Brandon Gormley Alec Martinez
Last Minutes Defensive
Center Left Wing Right Wing Defense Defense
Chris Tierney Riley Cote Bryan Rust Alec Martinez Matt Tennyson
Goaltenders
Starting : Niklas Backstrom
Backup : Darcy Kuemper
Extra Forwards
Normal : Nikita Kucherov, Connor Brown, Chris Tierney - PP : Riley Cote, Tomas Kubalik - PK : Chris Tierney
Extra Defensemen
Normal : Alec Martinez, Brandon Gormley, Matt Tennyson - PP : Joe Morrow - PK : Brandon Gormley, Joe Morrow
Penalty Shots
Nikita Kucherov, Jeff Skinner, Igor Makarov, Riley Cote, Tomas Kubalik
Scratches
Philip Varone (Healthy), Christophe Lalancette (Healthy), Jujhar Khaira (Healthy), Derek Forbort (Healthy), Vojtech Polak (Healthy)
Jamie McGinn (Healthy), Tyler McNeely (Healthy), Ryan White (Healthy), Trevor Lewis (Healthy), Anthony Peluso (Healthy)
Jake Muzzin (Healthy), Eric Gustafsson (Healthy), Jeff Frazee (Healthy)
Diables
5 vs 5 Forward
Center Left Wing Right Wing Time % Phy DF OF
1 Tyler Bozak Brandon Prust Jordan Szwarz 40 1 2 2
2 Ryan Nugent-Hopkins Alexandre Burrows Craig Smith 30 1 2 2
3 Tim Schaller Taylor Beck Jordan Szwarz 20 1 2 2
4 Stefan Matteau Pierre-Cédric Labrie Daniel Zaar 10 1 2 2
5 vs 5 Defense
Defense Defense Time % Phy DF OF
1 Jon Merrill Hampus Lindholm 40 1 2 2
2 Pavel Valentenko Mark Fraser 30 1 2 2
3 Brian Dumoulin Jamie Oleksiak 20 1 2 2
4 Mark Fraser Hampus Lindholm 10 1 2 2
PowerPlay Forward
Center Left Wing Right Wing Time % Phy DF OF
1 Ryan Nugent-Hopkins Brandon Prust Ben Hanowski 60 1 2 2
2 Tyler Bozak Alexandre Burrows Jordan Szwarz 40 1 2 2
PowerPlay Defense
Defense Defense Time % Phy DF OF
1 Mark Fraser Hampus Lindholm 60 1 2 2
2 Brian Dumoulin Jon Merrill 40 1 2 2
Penalty Kill 4 Players Forward
Center Wing Time % Phy DF OF
1 Tim Schaller Craig Smith 60 1 2 2
2 Tyler Bozak Pierre-Cédric Labrie 40 1 2 2
Penalty Kill 4 Players Defense
Defense Defense Time % Phy DF OF
1 Mark Fraser Jon Merrill 60 1 2 2
2 Hampus Lindholm Jon Merrill 40 1 2 2
Penalty Kill - 3 Players Forward
Forward Time % Phy DF OF
1 Brandon Prust 60 1 2 2
2 Tim Schaller 40 1 2 2
Penalty Kill - 3 Players Defense
Defense Defense Time % Phy DF OF
1 Mark Fraser Pavel Valentenko 60 1 2 2
2 Hampus Lindholm Jon Merrill 40 1 2 2
4 vs 4 Forward
Center Wing Time % Phy DF OF
1 Tyler Bozak Alexandre Burrows 60 1 2 2
2 Ryan Nugent-Hopkins Brandon Prust 40 1 2 2
4 vs 4 Defense
Defense Defense Time % Phy DF OF
1 Mark Fraser Hampus Lindholm 60 1 2 2
2 Pavel Valentenko Jon Merrill 40 1 2 2
Last Minutes Offensive
Center Left Wing Right Wing Defense Defense
Tyler Bozak Brandon Prust Ben Hanowski Hampus Lindholm Jon Merrill
Last Minutes Defensive
Center Left Wing Right Wing Defense Defense
Craig Smith Brandon Prust Ben Hanowski Hampus Lindholm Jon Merrill
Goaltenders
Starting : Jean-Francois Berube
Backup : Eddie Lack
Extra Forwards
Normal : Ryan Nugent-Hopkins, Jordan Szwarz, Taylor Beck - PP : Ryan Nugent-Hopkins, Jordan Szwarz - PK : Taylor Beck
Extra Defensemen
Normal : Brian Dumoulin, Jamie Oleksiak, Hampus Lindholm - PP : Brian Dumoulin - PK : Jamie Oleksiak, Hampus Lindholm
Penalty Shots
Brandon Prust, Tyler Bozak, Alexandre Burrows, Ben Hanowski, Tim Schaller
Scratches
Louis Leblanc (Healthy), Gemel Smith (Healthy), Matt Lindblad (Healthy), Christian Thomas (Healthy), Kyle Chipchura (Healthy)
Borna Rendulic (Healthy), Adam Clendening (Healthy), Eric Karlsson (Healthy), Brett Ritchie (Healthy), Blake Coleman (Healthy)
Benn Ferriero (Healthy), Andrew O'Brien (Healthy), Steve Quailer (Sprained Right Knee Injury), Marc-André Bourdon (Healthy), Linus Ullmark (Healthy)
% Time on Ice - Monarchs
Lines # - Real PCT - Wanted PCT - Time Play
Normal Forward
1 - 31% - 35% - 14:43
2 - 32% - 35% - 15:36
3 - 20% - 25% - 9:47
4 - 17% - 5% - 8:00
Normal Defense
1 - 37% - 40% - 17:45
2 - 36% - 40% - 17:31
3 - 24% - 20% - 11:40
4 - 2% - 0% - 1:10
PP Forward
1 - 52% - 60% - 3:07
2 - 48% - 40% - 2:50
PP Defense
1 - 59% - 60% - 3:30
2 - 41% - 40% - 2:27
PK Forward
1 - 75% - 60% - 4:28
2 - 25% - 40% - 1:29
PK Defense
1 - 62% - 60% - 3:42
2 - 38% - 40% - 2:15
PK3 Forward
1 - 0% - 60%
2 - 0% - 40%
PK3 Defense
1 - 0% - 60%
2 - 0% - 40%
44 Forward
1 - 100% - 60% - 1:14
2 - 0% - 40% - 0:00
44 Defense
1 - 47% - 60% - 0:35
2 - 53% - 40% - 0:39
Last Minute Offensive - 0:00
Last Minute Defensive - 0:00
Total
Forward - 61:14
Defense - 61:14
|
% Time on Ice - Diables
Lines # - Real PCT - Wanted PCT - Time Play
Normal Forward
1 - 33% - 40% - 16:01
2 - 33% - 30% - 15:43
3 - 12% - 20% - 5:44
4 - 22% - 10% - 10:38
Normal Defense
1 - 40% - 40% - 19:12
2 - 32% - 30% - 15:36
3 - 23% - 20% - 10:54
4 - 5% - 10% - 2:24
PP Forward
1 - 58% - 60% - 3:27
2 - 42% - 40% - 2:30
PP Defense
1 - 52% - 60% - 3:05
2 - 48% - 40% - 2:52
PK Forward
1 - 66% - 60% - 3:57
2 - 34% - 40% - 2:00
PK Defense
1 - 72% - 60% - 4:17
2 - 28% - 40% - 1:40
PK3 Forward
1 - 0% - 60%
2 - 0% - 40%
PK3 Defense
1 - 0% - 60%
2 - 0% - 40%
44 Forward
1 - 51% - 60% - 0:38
2 - 49% - 40% - 0:36
44 Defense
1 - 70% - 60% - 0:52
2 - 30% - 40% - 0:22
Last Minute Offensive - 0:00
Last Minute Defensive - 0:00
Total
Forward - 61:14
Defense - 61:14
|
Play by Play
1st period
0:01 of 1st period - Tyler Bozak wins face-off versus Tyler Toffoli in neutral zone.
0:06 of 1st period - Snap shot by Jordan Szwarz.
0:06 of 1st period - Shot Misses the Net.
0:08 of 1st period - Slapshot by Jon Merrill.
0:08 of 1st period - Shot Misses the Net.
0:52 of 1st period - Wrist shot by Tomas Kubalik.
0:52 of 1st period - Stopped by Jean-Francois Berube with a rebound.
1:34 of 1st period - Wrist shot by Tyler Toffoli.
1:34 of 1st period - Stopped by Jean-Francois Berube with a rebound.
2:26 of 1st period - Snap shot by Patrick Maroon.
2:26 of 1st period - Stopped by Jean-Francois Berube without a rebound.
2:27 of 1st period - Ryan Nugent-Hopkins wins face-off versus Colton Sissons in Diables zone.
2:51 of 1st period - Jamie Oleksiak is hit by Kyle Clifford and loses puck.
2:58 of 1st period - Brandon Gormley is hit by Brandon Prust and loses puck.
3:09 of 1st period - Slapshot by Nikita Kucherov.
3:09 of 1st period - Shot Misses the Net.
3:17 of 1st period - Snap shot by Tom Pyatt.
3:17 of 1st period - Stopped by Jean-Francois Berube with a rebound.
3:32 of 1st period - Jeff Skinner is hit by Jon Merrill and loses puck.
4:03 of 1st period - Snap shot by Stefan Matteau.
4:03 of 1st period - Shot Misses the Net.
4:19 of 1st period - Wrist shot by Daniel Zaar.
4:19 of 1st period - Shot Misses the Net.
4:24 of 1st period - Off-side.
4:25 of 1st period - Tyler Bozak wins face-off versus Tyler Toffoli in neutral zone.
4:40 of 1st period - Snap shot by Jordan Szwarz.
4:40 of 1st period - Stopped by Niklas Backstrom with a rebound.
4:52 of 1st period - Icing by Ryan Nugent-Hopkins.
4:53 of 1st period - Chris Tierney wins face-off versus Ryan Nugent-Hopkins in Diables zone.
5:00 of 1st period - Snap shot by Tomas Kubalik.
5:00 of 1st period - Shot Blocked by Pavel Valentenko.
5:58 of 1st period - Snap shot by Ryan Nugent-Hopkins.
5:58 of 1st period - Goal by Ryan Nugent-Hopkins - Monarchs : 0 - Diables : 1.
5:59 of 1st period - Brandon Prust wins face-off versus Connor Brown in neutral zone.
6:04 of 1st period - Snap shot by Jordan Szwarz.
6:04 of 1st period - Deflect By Brandon Prust.
6:04 of 1st period - Shot Blocked by Kyle Clifford.
6:04 of 1st period - Puck is out of play.
6:05 of 1st period - Kyle Clifford wins face-off versus Tyler Bozak in Monarchs zone.
6:47 of 1st period - Icing by Stefan Matteau.
6:48 of 1st period - Stefan Matteau wins face-off versus Colton Sissons in Diables zone.
7:01 of 1st period - Slapshot by Hampus Lindholm.
7:01 of 1st period - Shot Blocked by Brandon Gormley.
7:03 of 1st period - Snap shot by Mark Fraser.
7:03 of 1st period - Deflect By Daniel Zaar.
7:03 of 1st period - Shot Misses the Net.
7:03 of 1st period - Puck is out of play.
7:04 of 1st period - Tyler Bozak wins face-off versus Tyler Toffoli in Monarchs zone.
7:24 of 1st period - Jordan Szwarz is hit by Kyle Clifford and loses puck.
8:29 of 1st period - Snap shot by Brandon Prust.
8:29 of 1st period - Deflect By Tyler Bozak.
8:29 of 1st period - Stopped by Niklas Backstrom with a rebound.
8:58 of 1st period - Slapshot by Nikita Kucherov.
8:58 of 1st period - Shot Misses the Net.
9:00 of 1st period - Slapshot by Joe Morrow.
9:00 of 1st period - Deflect By Nikita Kucherov.
9:00 of 1st period - Goal by Nikita Kucherov - Monarchs : 1 - Diables : 1.
9:01 of 1st period - Ryan Nugent-Hopkins wins face-off versus Tyler Toffoli in neutral zone.
9:14 of 1st period - Backhand shot by Craig Smith.
9:14 of 1st period - Stopped by Niklas Backstrom with a rebound.
9:33 of 1st period - Slapshot by Tom Pyatt.
9:33 of 1st period - Shot Misses the Net.
9:45 of 1st period - Snap shot by Pierre-Cédric Labrie.
9:45 of 1st period - Shot Misses the Net.
10:07 of 1st period - Snap shot by Bryan Rust.
10:07 of 1st period - Stopped by Jean-Francois Berube without a rebound.
10:08 of 1st period - Tim Schaller wins face-off versus Colton Sissons in Diables zone.
10:13 of 1st period - Wrist shot by Tim Schaller.
10:13 of 1st period - Deflect By Jordan Szwarz.
10:13 of 1st period - Stopped by Niklas Backstrom with a rebound.
10:15 of 1st period - Snap shot by Mark Fraser.
10:15 of 1st period - Deflect By Matt Tennyson.
10:15 of 1st period - Stopped by Niklas Backstrom without a rebound.
10:16 of 1st period - Tyler Bozak wins face-off versus Tyler Toffoli in Monarchs zone.
10:19 of 1st period - Snap shot by Jordan Szwarz.
10:19 of 1st period - Goal by Jordan Szwarz - Monarchs : 1 - Diables : 2.
10:20 of 1st period - Tyler Bozak wins face-off versus Tyler Toffoli in neutral zone.
10:27 of 1st period - Jon Merrill is hit by Kyle Clifford and loses puck.
11:09 of 1st period - Snap shot by Jordan Szwarz.
11:09 of 1st period - Stopped by Niklas Backstrom without a rebound.
11:10 of 1st period - Ryan Nugent-Hopkins wins face-off versus Nikita Kucherov in Monarchs zone.
11:19 of 1st period - Snap shot by Craig Smith.
11:19 of 1st period - Stopped by Niklas Backstrom without a rebound.
11:20 of 1st period - Tom Pyatt wins face-off versus Ryan Nugent-Hopkins in Monarchs zone.
12:05 of 1st period - Slapshot by Nikita Kucherov.
12:05 of 1st period - Shot Blocked by Craig Smith.
12:07 of 1st period - Slapshot by Brandon Gormley.
12:07 of 1st period - Shot Misses the Net.
12:09 of 1st period - Slapshot by Brandon Gormley.
12:09 of 1st period - Deflect By Nikita Kucherov.
12:09 of 1st period - Stopped by Jean-Francois Berube with a rebound.
12:11 of 1st period - Snap shot by Jeff Skinner.
12:11 of 1st period - Deflect By Nikita Kucherov.
12:11 of 1st period - Deflect By Craig Smith.
12:11 of 1st period - Stopped by Jean-Francois Berube with a rebound.
12:19 of 1st period - Wrist shot by Craig Smith.
12:19 of 1st period - Stopped by Niklas Backstrom with a rebound.
12:25 of 1st period - Craig Smith is hit by Brandon Gormley and loses puck.
12:46 of 1st period - Snap shot by Nikita Kucherov.
12:46 of 1st period - Shot Misses the Net.
12:48 of 1st period - Snap shot by Jeff Skinner.
12:48 of 1st period - Shot Misses the Net.
12:50 of 1st period - Wrist shot by Jeff Skinner.
12:50 of 1st period - Stopped by Jean-Francois Berube with a rebound.
13:06 of 1st period - Snap shot by Jeff Skinner.
13:06 of 1st period - Shot Misses the Net.
13:08 of 1st period - Wrist shot by Jeff Skinner.
13:08 of 1st period - Shot Misses the Net.
13:10 of 1st period - Slapshot by Roman Josi.
13:10 of 1st period - Shot Blocked by Ryan Nugent-Hopkins.
13:12 of 1st period - Slapshot by Roman Josi.
13:12 of 1st period - Shot Misses the Net.
13:14 of 1st period - Wrist shot by Tom Pyatt.
13:14 of 1st period - Stopped by Jean-Francois Berube without a rebound.
13:15 of 1st period - Tyler Bozak wins face-off versus Tyler Toffoli in Diables zone.
13:15 of 1st period - Tyler Bozak is hit by Kyle Clifford.
13:23 of 1st period - Snap shot by Tyler Bozak.
13:23 of 1st period - Shot Blocked by Matt Tennyson.
13:25 of 1st period - Slapshot by Hampus Lindholm.
13:25 of 1st period - Shot Blocked by Alec Martinez.
13:58 of 1st period - Slapshot by Hampus Lindholm.
13:58 of 1st period - Shot Blocked by Jordie Benn.
14:00 of 1st period - Wrist shot by Jon Merrill.
14:00 of 1st period - Shot Misses the Net.
14:02 of 1st period - Slapshot by Jon Merrill.
14:02 of 1st period - Shot Misses the Net.
14:04 of 1st period - Slapshot by Jon Merrill.
14:04 of 1st period - Deflect By Pierre-Cédric Labrie.
14:04 of 1st period - Goal by Pierre-Cédric Labrie - Monarchs : 1 - Diables : 3.
14:05 of 1st period - Tyler Bozak wins face-off versus Chris Tierney in neutral zone.
14:46 of 1st period - Minor Penalty to Colton Sissons for Tripping.
14:47 of 1st period - Ryan Nugent-Hopkins wins face-off versus Riley Cote in Monarchs zone.
15:02 of 1st period - Snap shot by Riley Cote.
15:02 of 1st period - Stopped by Jean-Francois Berube with a rebound.
15:14 of 1st period - Bryan Rust is hit by Jordan Szwarz and loses puck.
15:21 of 1st period - Slapshot by Jordan Szwarz.
15:21 of 1st period - Shot Blocked by Matt Tennyson.
15:23 of 1st period - Slapshot by Jon Merrill.
15:23 of 1st period - Stopped by Niklas Backstrom with a rebound.
15:25 of 1st period - Snap shot by Tyler Bozak.
15:25 of 1st period - Stopped by Niklas Backstrom with a rebound.
15:53 of 1st period - Alec Martinez is hit by Jordan Szwarz.
16:19 of 1st period - Matt Tennyson is hit by Brandon Prust and loses puck.
16:46 of 1st period - Penalty to Colton Sissons is over, Colton Sissons is back on ice.
16:50 of 1st period - Snap shot by Bryan Rust.
16:50 of 1st period - Goal by Bryan Rust - Monarchs : 2 - Diables : 3.
16:51 of 1st period - Tyler Toffoli wins face-off versus Tyler Bozak in neutral zone.
16:56 of 1st period - Snap shot by Kyle Clifford.
16:56 of 1st period - Stopped by Jean-Francois Berube with a rebound.
16:58 of 1st period - Snap shot by Kyle Clifford.
16:58 of 1st period - Shot Blocked by Hampus Lindholm.
17:00 of 1st period - Snap shot by Kyle Clifford.
17:00 of 1st period - Stopped by Jean-Francois Berube with a rebound.
17:02 of 1st period - Snap shot by Kyle Clifford.
17:02 of 1st period - Stopped by Jean-Francois Berube with a rebound.
17:04 of 1st period - Slapshot by Roman Josi.
17:04 of 1st period - Stopped by Jean-Francois Berube without a rebound.
17:05 of 1st period - Taylor Beck wins face-off versus Chris Tierney in Diables zone.
18:17 of 1st period - Tyler Bozak is hit by Tomas Kubalik and loses puck.
18:34 of 1st period - Slapshot by Riley Cote.
18:34 of 1st period - Stopped by Jean-Francois Berube with a rebound.
18:36 of 1st period - Wrist shot by Patrick Maroon.
18:36 of 1st period - Goal by Patrick Maroon - Monarchs : 3 - Diables : 3.
18:37 of 1st period - Tyler Bozak wins face-off versus Tyler Toffoli in neutral zone.
19:34 of 1st period - Wrist shot by Bryan Rust.
19:34 of 1st period - Shot Blocked by Brandon Prust.
19:42 of 1st period - Wrist shot by Tyler Bozak.
19:42 of 1st period - Stopped by Niklas Backstrom without a rebound.
19:43 of 1st period - Ryan Nugent-Hopkins wins face-off versus Tyler Toffoli in Monarchs zone.
Goals for this period are 3 for Monarchs vs 3 for Diables.
Shots for this period are 18 for Monarchs vs 14 for Diables.
2nd period
0:01 of 2nd period - Tyler Bozak wins face-off versus Tyler Toffoli in neutral zone.
0:22 of 2nd period - Minor Penalty to Mark Fraser for Holding.
0:23 of 2nd period - Tim Schaller wins face-off versus Tyler Toffoli in Diables zone.
0:38 of 2nd period - Snap shot by Nikita Kucherov.
0:38 of 2nd period - Shot Misses the Net.
2:22 of 2nd period - Penalty to Mark Fraser is over, Mark Fraser is back on ice.
2:35 of 2nd period - Mark Fraser is hit by Colton Sissons and loses puck.
2:50 of 2nd period - Wrist shot by Alexandre Burrows.
2:50 of 2nd period - Shot Misses the Net.
2:52 of 2nd period - Snap shot by Alexandre Burrows.
2:52 of 2nd period - Stopped by Niklas Backstrom with a rebound.
2:54 of 2nd period - Slapshot by Brian Dumoulin.
2:54 of 2nd period - Deflect By Mark Fraser.
2:54 of 2nd period - Stopped by Niklas Backstrom with a rebound.
2:56 of 2nd period - Wrist shot by Alexandre Burrows.
2:56 of 2nd period - Shot Blocked by Jordie Benn.
3:11 of 2nd period - Off-side.
3:12 of 2nd period - Tyler Bozak wins face-off versus Colton Sissons in neutral zone.
3:19 of 2nd period - Snap shot by Brandon Prust.
3:19 of 2nd period - Stopped by Niklas Backstrom with a rebound.
3:21 of 2nd period - Backhand shot by Jon Merrill.
3:21 of 2nd period - Deflect By Jordan Szwarz.
3:21 of 2nd period - Stopped by Niklas Backstrom with a rebound.
3:23 of 2nd period - Snap shot by Tyler Bozak.
3:23 of 2nd period - Shot Blocked by Matt Tennyson.
3:25 of 2nd period - Backhand shot by Jon Merrill.
3:25 of 2nd period - Stopped by Niklas Backstrom without a rebound.
3:26 of 2nd period - Tyler Toffoli wins face-off versus Tim Schaller in Monarchs zone.
3:26 of 2nd period - Tyler Toffoli is hit by Jordan Szwarz.
3:44 of 2nd period - Kyle Clifford is hit by Tim Schaller and loses puck.
4:01 of 2nd period - Wrist shot by Alexandre Burrows.
4:01 of 2nd period - Shot Blocked by Joe Morrow.
4:03 of 2nd period - Snap shot by Craig Smith.
4:03 of 2nd period - Shot Blocked by Jordie Benn.
4:05 of 2nd period - Slapshot by Pavel Valentenko.
4:05 of 2nd period - Stopped by Niklas Backstrom with a rebound.
4:33 of 2nd period - Colton Sissons is hit by Hampus Lindholm and loses puck.
4:40 of 2nd period - Slapshot by Hampus Lindholm.
4:40 of 2nd period - Shot Misses the Net.
4:58 of 2nd period - Jordie Benn is hit by Ryan Nugent-Hopkins and loses puck.
5:11 of 2nd period - Wrist shot by Riley Cote.
5:11 of 2nd period - Shot Misses the Net.
5:13 of 2nd period - Wrist shot by Jordie Benn.
5:13 of 2nd period - Stopped by Jean-Francois Berube with a rebound.
5:15 of 2nd period - Slapshot by Jordie Benn.
5:15 of 2nd period - Shot Misses the Net.
5:17 of 2nd period - Slapshot by Chris Tierney.
5:17 of 2nd period - Deflect By Tomas Kubalik.
5:17 of 2nd period - Stopped by Jean-Francois Berube without a rebound.
5:18 of 2nd period - Tom Pyatt wins face-off versus Stefan Matteau in Diables zone.
5:23 of 2nd period - Snap shot by Nikita Kucherov.
5:23 of 2nd period - Stopped by Jean-Francois Berube with a rebound.
5:48 of 2nd period - Matt Tennyson is hit by Craig Smith and loses puck.
6:52 of 2nd period - Minor Penalty to Ryan Nugent-Hopkins for Hooking.
6:53 of 2nd period - Connor Brown wins face-off versus Tim Schaller in Diables zone.
7:37 of 2nd period - Snap shot by Hampus Lindholm.
7:37 of 2nd period - Stopped by Niklas Backstrom without a rebound.
7:38 of 2nd period - Connor Brown wins face-off versus Tyler Bozak in Monarchs zone.
8:10 of 2nd period - Craig Smith is hit by Kyle Clifford and loses puck.
8:52 of 2nd period - Penalty to Ryan Nugent-Hopkins is over, Ryan Nugent-Hopkins is back on ice.
8:58 of 2nd period - Wrist shot by Ryan Nugent-Hopkins.
8:58 of 2nd period - Stopped by Niklas Backstrom with a rebound.
9:00 of 2nd period - Snap shot by Tim Schaller.
9:00 of 2nd period - Shot Blocked by Matt Tennyson.
9:04 of 2nd period - Wrist shot by Tim Schaller.
9:04 of 2nd period - Stopped by Niklas Backstrom without a rebound.
9:05 of 2nd period - Colton Sissons wins face-off versus Tyler Bozak in Monarchs zone.
9:05 of 2nd period - Colton Sissons is hit by Tyler Bozak.
9:40 of 2nd period - Wrist shot by Bryan Rust.
9:40 of 2nd period - Stopped by Jean-Francois Berube with a rebound.
9:44 of 2nd period - Slapshot by Bryan Rust.
9:44 of 2nd period - Shot Misses the Net.
10:04 of 2nd period - Slapshot by Bryan Rust.
10:04 of 2nd period - Stopped by Jean-Francois Berube with a rebound.
10:06 of 2nd period - Snap shot by Bryan Rust.
10:06 of 2nd period - Stopped by Jean-Francois Berube with a rebound.
10:08 of 2nd period - Slapshot by Jordie Benn.
10:08 of 2nd period - Shot Blocked by Jamie Oleksiak.
10:10 of 2nd period - Snap shot by Bryan Rust.
10:10 of 2nd period - Shot Misses the Net.
10:22 of 2nd period - Wrist shot by Alexandre Burrows.
10:22 of 2nd period - Stopped by Niklas Backstrom without a rebound.
10:23 of 2nd period - Tyler Toffoli wins face-off versus Tyler Bozak in Monarchs zone.
10:23 of 2nd period - Tyler Toffoli is hit by Brandon Prust.
10:59 of 2nd period - Wrist shot by Connor Brown.
10:59 of 2nd period - Stopped by Jean-Francois Berube with a rebound.
11:01 of 2nd period - Slapshot by Brandon Gormley.
11:01 of 2nd period - Shot Hit the Post.
11:03 of 2nd period - Slapshot by Brandon Gormley.
11:03 of 2nd period - Shot Blocked by Pavel Valentenko.
11:05 of 2nd period - Slapshot by Tyler Toffoli.
11:05 of 2nd period - Shot Blocked by Pavel Valentenko.
11:07 of 2nd period - Snap shot by Roman Josi.
11:07 of 2nd period - Shot Misses the Net.
11:15 of 2nd period - Slapshot by Connor Brown.
11:15 of 2nd period - Goal by Connor Brown - Monarchs : 4 - Diables : 3.
11:16 of 2nd period - Tom Pyatt wins face-off versus Ryan Nugent-Hopkins in neutral zone.
11:32 of 2nd period - Snap shot by Craig Smith.
11:32 of 2nd period - Goal by Craig Smith - Monarchs : 4 - Diables : 4.
11:33 of 2nd period - Tom Pyatt wins face-off versus Tyler Bozak in neutral zone.
11:44 of 2nd period - Wrist shot by Tom Pyatt.
11:44 of 2nd period - Shot Blocked by Hampus Lindholm.
11:46 of 2nd period - Snap shot by Nikita Kucherov.
11:46 of 2nd period - Goal by Nikita Kucherov - Monarchs : 5 - Diables : 4.
11:47 of 2nd period - Tom Pyatt wins face-off versus Tyler Bozak in neutral zone.
12:01 of 2nd period - Snap shot by Tom Pyatt.
12:01 of 2nd period - Shot Blocked by Jon Merrill.
12:03 of 2nd period - Backhand shot by Matt Tennyson.
12:03 of 2nd period - Shot Misses the Net.
12:18 of 2nd period - Jon Merrill is hit by Kyle Clifford and loses puck.
12:43 of 2nd period - Snap shot by Daniel Zaar.
12:43 of 2nd period - Deflect By Pierre-Cédric Labrie.
12:43 of 2nd period - Shot Misses the Net.
12:43 of 2nd period - Puck is out of play.
12:44 of 2nd period - Tyler Bozak wins face-off versus Tom Pyatt in Monarchs zone.
13:09 of 2nd period - Tom Pyatt is hit by Pavel Valentenko.
13:37 of 2nd period - Jeff Skinner is hit by Alexandre Burrows and loses puck.
14:26 of 2nd period - Alec Martinez is hit by Brandon Prust and loses puck.
14:41 of 2nd period - Snap shot by Nikita Kucherov.
14:41 of 2nd period - Shot Misses the Net.
14:43 of 2nd period - Slapshot by Matt Tennyson.
14:43 of 2nd period - Shot Blocked by Jon Merrill.
14:45 of 2nd period - Wrist shot by Jeff Skinner.
14:45 of 2nd period - Shot Misses the Net.
14:47 of 2nd period - Slapshot by Alec Martinez.
14:47 of 2nd period - Stopped by Jean-Francois Berube without a rebound.
14:48 of 2nd period - Ryan Nugent-Hopkins wins face-off versus Tyler Toffoli in Diables zone.
15:15 of 2nd period - Icing by Pavel Valentenko.
15:16 of 2nd period - Chris Tierney wins face-off versus Ryan Nugent-Hopkins in Diables zone.
15:23 of 2nd period - Snap shot by Tomas Kubalik.
15:23 of 2nd period - Deflect By Chris Tierney.
15:23 of 2nd period - Shot Blocked by Craig Smith.
15:23 of 2nd period - Puck is out of play.
15:24 of 2nd period - Stefan Matteau wins face-off versus Kyle Clifford in Diables zone.
15:24 of 2nd period - Stefan Matteau is hit by Connor Brown.
15:40 of 2nd period - Wrist shot by Kyle Clifford.
15:40 of 2nd period - Stopped by Jean-Francois Berube with a rebound.
16:19 of 2nd period - Tim Schaller is hit by Kyle Clifford and loses puck.
16:45 of 2nd period - Minor Penalty to Brandon Prust for High sticking.
16:46 of 2nd period - Tyler Toffoli wins face-off versus Tim Schaller in Diables zone.
16:49 of 2nd period - Wrist shot by Connor Brown.
16:49 of 2nd period - Shot Misses the Net.
16:51 of 2nd period - Slapshot by Alec Martinez.
16:51 of 2nd period - Deflect By Tyler Toffoli.
16:51 of 2nd period - Deflect By Tim Schaller.
16:51 of 2nd period - Stopped by Jean-Francois Berube with a rebound.
17:51 of 2nd period - Tyler Bozak is hit by Kyle Clifford and loses puck.
18:45 of 2nd period - Penalty to Brandon Prust is over, Brandon Prust is back on ice.
Goals for this period are 2 for Monarchs vs 1 for Diables.
Shots for this period are 12 for Monarchs vs 11 for Diables.
3rd period
0:01 of 3rd period - Tyler Bozak wins face-off versus Tyler Toffoli in neutral zone.
0:26 of 3rd period - Brandon Gormley is hit by Hampus Lindholm and loses puck.
0:35 of 3rd period - Hampus Lindholm is hit by Nikita Kucherov and loses puck.
1:09 of 3rd period - Snap shot by Jordan Szwarz.
1:09 of 3rd period - Shot Blocked by Jordie Benn.
1:11 of 3rd period - Snap shot by Tim Schaller.
1:11 of 3rd period - Goal by Tim Schaller - Monarchs : 5 - Diables : 5.
1:12 of 3rd period - Tyler Bozak wins face-off versus Tyler Toffoli in neutral zone.
2:26 of 3rd period - Pierre-Cédric Labrie is hit by Colton Sissons and loses puck.
4:50 of 3rd period - Snap shot by Tomas Kubalik.
4:50 of 3rd period - Stopped by Jean-Francois Berube without a rebound.
4:51 of 3rd period - Tyler Bozak wins face-off versus Tyler Toffoli in Diables zone.
4:56 of 3rd period - Slapshot by Brian Dumoulin.
4:56 of 3rd period - Deflect By Matt Tennyson.
4:56 of 3rd period - Stopped by Niklas Backstrom with a rebound.
5:05 of 3rd period - Off-side.
5:06 of 3rd period - Stefan Matteau wins face-off versus Tom Pyatt in neutral zone.
5:17 of 3rd period - Wrist shot by Daniel Zaar.
5:17 of 3rd period - Shot Blocked by Alec Martinez.
5:41 of 3rd period - Snap shot by Kyle Clifford.
5:41 of 3rd period - Stopped by Jean-Francois Berube with a rebound.
6:24 of 3rd period - Snap shot by Nikita Kucherov.
6:24 of 3rd period - Shot Misses the Net.
6:47 of 3rd period - Minor Penalty to Patrick Maroon for Interference.
6:48 of 3rd period - Riley Cote wins face-off versus Ryan Nugent-Hopkins in Monarchs zone.
6:59 of 3rd period - Matt Tennyson is hit by Ben Hanowski.
7:35 of 3rd period - Snap shot by Riley Cote.
7:35 of 3rd period - Stopped by Jean-Francois Berube without a rebound.
7:36 of 3rd period - Ryan Nugent-Hopkins wins face-off versus Tom Pyatt in Diables zone.
8:01 of 3rd period - Bryan Rust is hit by Tyler Bozak.
8:18 of 3rd period - Icing by Jon Merrill.
8:19 of 3rd period - Brandon Prust wins face-off versus Chris Tierney in Diables zone.
8:26 of 3rd period - Chris Tierney is hit by Ben Hanowski and loses puck.
8:47 of 3rd period - Penalty to Patrick Maroon is over, Patrick Maroon is back on ice.
9:22 of 3rd period - Snap shot by Nikita Kucherov.
9:22 of 3rd period - Stopped by Jean-Francois Berube with a rebound.
9:24 of 3rd period - Slapshot by Jordie Benn.
9:24 of 3rd period - Shot Blocked by Taylor Beck.
9:26 of 3rd period - Snap shot by Nikita Kucherov.
9:26 of 3rd period - Stopped by Jean-Francois Berube with a rebound.
10:59 of 3rd period - Snap shot by Kyle Clifford.
10:59 of 3rd period - Shot Misses the Net.
11:05 of 3rd period - Stefan Matteau is hit by Kyle Clifford and loses puck.
11:55 of 3rd period - Off-side.
11:56 of 3rd period - Tom Pyatt wins face-off versus Jordan Szwarz in neutral zone.
12:21 of 3rd period - Slapshot by Daniel Zaar.
12:21 of 3rd period - Stopped by Niklas Backstrom without a rebound.
12:22 of 3rd period - Stefan Matteau wins face-off versus Chris Tierney in Monarchs zone.
12:31 of 3rd period - Chris Tierney is hit by Pavel Valentenko and loses puck.
12:42 of 3rd period - Icing by Mark Fraser.
12:43 of 3rd period - Tyler Toffoli wins face-off versus Stefan Matteau in Diables zone.
13:12 of 3rd period - Wrist shot by Tyler Bozak.
13:12 of 3rd period - Shot Misses the Net.
13:54 of 3rd period - Snap shot by Taylor Beck.
13:54 of 3rd period - Shot Blocked by Colton Sissons.
14:02 of 3rd period - Minor Penalty to Colton Sissons for Slashing.
14:03 of 3rd period - Ryan Nugent-Hopkins wins face-off versus Riley Cote in Monarchs zone.
14:13 of 3rd period - Off-side.
14:14 of 3rd period - Riley Cote wins face-off versus Ryan Nugent-Hopkins in neutral zone.
14:21 of 3rd period - Snap shot by Riley Cote.
14:21 of 3rd period - Shot Misses the Net.
15:06 of 3rd period - Slapshot by Hampus Lindholm.
15:06 of 3rd period - Stopped by Niklas Backstrom without a rebound.
15:07 of 3rd period - Tyler Bozak wins face-off versus Tom Pyatt in Monarchs zone.
16:02 of 3rd period - Penalty to Colton Sissons is over, Colton Sissons is back on ice.
16:13 of 3rd period - Slapshot by Daniel Zaar.
16:13 of 3rd period - Shot Misses the Net.
17:48 of 3rd period - Ryan Nugent-Hopkins is hit by Tyler Toffoli and loses puck.
19:25 of 3rd period - Icing by Jamie Oleksiak.
19:26 of 3rd period - Tyler Bozak wins face-off versus Tyler Toffoli in Diables zone.
19:37 of 3rd period - Hampus Lindholm is hit by Connor Brown and loses puck.
Goals for this period are 0 for Monarchs vs 1 for Diables.
Shots for this period are 5 for Monarchs vs 4 for Diables.
Overtime #1
0:01 of 1st overtime period - Tyler Bozak wins face-off versus Tyler Toffoli in neutral zone.
0:45 of 1st overtime period - Snap shot by Connor Brown.
0:45 of 1st overtime period - Stopped by Jean-Francois Berube without a rebound.
0:46 of 1st overtime period - Ryan Nugent-Hopkins wins face-off versus Nikita Kucherov in Diables zone.
0:46 of 1st overtime period - Ryan Nugent-Hopkins is hit by Roman Josi.
1:14 of 1st overtime period - Slapshot by Hampus Lindholm.
1:14 of 1st overtime period - Goal by Hampus Lindholm - Monarchs : 5 - Diables : 6.
Goals for this period are 0 for Monarchs vs 1 for Diables.
Shots for this period are 1 for Monarchs vs 1 for Diables.
Back to the Top